Map: King's Cove LE

Players

MarineLorD - Winner!

  • Race: Terran Terran
  • Spawn Location: 5:00

Probe

  • Race: Protoss Protoss
  • Spawn Location: 11:00

Event: 2019 WCS Summer

VOD

Have the link to the VOD?

Description

Time

  • Played on: July 12, 2019, 1:14 p.m.
  • Length: 8:14

All games in this series

Show
View Real Time Build Order
Export as new Build Order

MarineLorD Terran - Winner!

Build Orders: Cyclone Opening 

Get SALT Encoding   

  12  0:00  SCV  
  13  0:12  SCV  
  14  0:18  Supply Depot  
  14  0:24  SCV  
  15  0:42  Barracks  
  15  0:44  Refinery  
  15  0:46  SCV  
  16  0:54  Refinery  
  16  0:58  SCV  
  17  1:10  SCV  
  18  1:22  SCV  
  19  1:29  Reaper  
  20  1:34  Orbital Command  
  20  1:37  Supply Depot  
  20  1:47  Bunker  
  20  1:57  Factory  
  20  2:01  Reaper  
  20  2:06  SCV  
  22  2:18  SCV  
  23  2:30  SCV  
  23  2:33  Marine  
  25  2:40  Factory Tech Lab  
  25  2:42  SCV  
  26  2:51  Marine  
  26  2:52  Supply Depot  
  26  2:54  SCV  
  31  2:58  Cyclone  
  31  3:13  Marine, SCV  
  31  3:14  Command Center  
  32  3:25  SCV  
  33  3:30  Cyclone  
  36  3:37  SCV  
  36  3:40  Barracks, Supply Depot  
  36  3:50  SCV  
  36  3:53  Barracks  
  36  4:02  SCV  
  37  4:09  Siege Tank  
  40  4:14  SCV  
  41  4:21  Supply Depot  
  41  4:26  SCV  
  41  4:28  SCV  
  43  4:38  SCV  
  44  4:42  Siege Tank  
  44  4:44  Barracks Reactor x2  
  44  4:46  Orbital Command  
  44  4:50  SCV  
  42  5:02  SCV  
  42  5:06  Barracks Tech Lab  
  43  5:07  Refinery, Engineering Bay, Starport  
  43  5:11  SCV  
  44  5:14  SCV  
  44  5:17  Siege Tank  
  44  5:20  Marine x4  
  52  5:24  Combat Shield, Marine  
  52  5:28  SCV x2  
  55  5:37  Marine  
  55  5:38  Marine x2  
  55  5:40  SCV x2  
  55  5:42  Terran Infantry Weapons Level 1  
  60  5:44  Marine x2  
  60  5:49  Supply Depot  
  62  5:55  Marine x3, SCV x2  
  67  5:59  Medivac  
  67  6:02  Marine  
  70  6:05  Supply Depot  
  70  6:10  Marine, Supply Depot  
  71  6:13  Marine x3  
  71  6:17  SCV  
  71  6:18  SCV  
  76  6:19  Marine  
  77  6:26  Siege Tank  
  77  6:28  Marine  
  77  6:31  Marine  
  81  6:33  SCV  
  81  6:34  Marine x2  
  81  6:39  Marine  
  84  6:45  SCV  
  84  6:46  Marine  
  82  6:49  Marine  
  82  6:50  SCV  
  83  6:58  SCV  
  83  7:01  Marine x2  
  83  7:02  SCV  
  83  7:06  Marine x2  
  84  7:10  SCV  
  84  7:14  SCV  
  84  7:15  Marine  
  87  7:19  Bunker, Marine x2  
  87  7:22  Starport Reactor, SCV  
  89  7:28  Marine x2  
  91  7:31  SCV  
  91  7:33  Marine  
  91  7:36  Marine  
  85  7:37  Marine  
  83  7:45  Marine  
  83  7:46  Marine  
  83  7:51  Marine  
  85  7:56  Missile Turret  
  85  7:57  Missile Turret  
  85  8:02  Command Center  
Show
View Real Time Build Order
Export as new Build Order

Probe Protoss 

Build Orders: 1 Gate Expand 

Get SALT Encoding   

  12  0:00  Probe  
  13  0:12  Probe  
  14  0:18  Pylon  
  14  0:24  Probe  
  15  0:32  Probe  
  15  0:37  Gateway  
  15  0:40  Probe  
  16  0:46  Assimilator  
  17  0:51  Probe  
  18  1:03  Probe  
  19  1:15  Probe  
  20  1:23  Nexus  
  20  1:34  Cybernetics Core  
  20  1:37  Probe  
  21  1:43  Assimilator  
  21  1:49  Probe  
  21  1:52  Pylon  
  22  2:00  Stalker  
  23  2:01  Probe  
  25  2:17  Probe  
  25  2:23  Warp Gate  
  25  2:29  Probe  
  26  2:33  Stalker  
  26  2:36  Probe  
  28  2:41  Probe  
  29  2:48  Probe  
  30  2:54  Probe  
  31  2:59  Pylon  
  31  3:00  Stalker, Probe  
  34  3:06  Probe  
  35  3:13  Probe  
  35  3:18  Probe  
  37  3:20  Shield Battery  
  37  3:25  Probe  
  38  3:28  Shield Battery  
  38  3:30  Probe  
  37  3:37  Probe  
  38  3:42  Probe  
  38  3:49  Probe  
  38  3:54  Probe, Robotics Facility  
  38  3:55  Gateway  
  40  3:57  Gateway  
  40  4:01  Probe  
  41  4:06  Probe  
  42  4:10  Pylon  
  42  4:11  Stalker, Probe  
  42  4:14  Probe  
  46  4:24  Probe x2, Pylon  
  48  4:36  Probe  
  46  4:42  Stalker  
  46  4:43  Probe  
  47  4:50  Warp Prism  
  47  4:54  Stalker x2, Probe  
  47  4:56  Probe  
  53  5:07  Probe  
  53  5:08  Nexus  
  53  5:13  Assimilator  
  54  5:14  Assimilator  
  54  5:19  Sentry x2  
  58  5:22  Robotics Bay  
  58  5:24  Forge  
  58  5:26  Observer, Probe  
  58  5:27  Probe  
  61  5:37  Pylon  
  61  5:38  Probe  
  62  5:47  Pylon  
  62  5:55  Observer  
  62  5:56  Twilight Council  
  63  5:57  Probe  
  63  6:00  Adept x3  
  63  6:03  Colossus  
  70  6:06  Probe  
  70  6:09  Probe  
  72  6:12  Protoss Ground Weapons Level 1  
  72  6:16  Probe  
  72  6:17  Probe  
  78  6:20  Pylon  
  78  6:21  Probe  
  78  6:22  Pylon  
  80  6:36  Stalker x3  
  86  6:41  Pylon  
  86  6:45  Disruptor  
  86  6:47  Probe  
  82  7:02  Stalker x3  
  84  7:12  Disruptor  
  84  7:15  Gateway  
  84  7:18  Gateway  
  84  7:19  Gateway x2  
  84  7:20  Shield Battery  
  85  7:25  Shield Battery  
  85  7:35  Zealot x3  
  66  7:45  Probe  
  70  8:00  Zealot  
  70  8:01  Zealot x2  
Tags
 
Add a new tag
Caveats
  • Supply blocks, unpowered buildings, or Contaminate may cause inaccurate times.
  • Supply counts are checked every 10 seconds.